 Dungeon Crawl Stone Soup version 0.16.1 (console) character file.

50 gw the Vexing (level 3, -2/28 HPs)
             Began as a Hill Orc Enchanter on Mar 23, 2015.
             Slain by Sigmund
             ... wielding a +1 scythe of venom
              (3 damage)
             ... on level 2 of the Dungeon.
             The game lasted 00:02:08 (2743 turns).

gw the Vexing (Hill Orc Enchanter)                  Turns: 2743, Time: 00:02:08

Health: -2/28      AC:  4    Str: 10    XL:     3   Next: 79%
Magic:  1/6        EV: 11    Int: 16    God:
Gold:   81         SH:  0    Dex: 11    Spells: 3 memorised, 1 level left

rFire  + . .     SeeInvis .     a - +1 dagger
rCold  . . .     Clarity  .     d - +0 leather armour {rF+}
rNeg   . . .     SustAb   .     (no shield)
rPois  .         Gourm    .     (no helmet)
rElec  .         Spirit   .     (no cloak)
rCorr  .         Warding  .     (no gloves)
rMut   .         Stasis   .     n - +0 pair of boots
MR     .....                    (no amulet)
Stlth  ++........               (no ring)
                                (no ring)

@: lethally poisoned (-2 -> -8), bonded with blade, not resistant to hostile
enchantments, unstealthy
A: no striking features
a: no special abilities


You were on level 2 of the Dungeon.
You were not hungry.

You visited 1 branch of the dungeon, and saw 2 of its levels.

You collected 81 gold pieces.

Inventory:

Hand weapons
 a - a +1 dagger (weapon)
Missiles
 l - 18 stones (quivered)
Armour
 d - a +0 leather armour of fire resistance (worn)
 n - a +0 pair of boots (worn)
Scrolls
 e - a scroll of remove curse
 g - 2 scrolls of identify
Potions
 i - a potion of magic {unknown}
Books
 c - a book of Maledictions

   Spells                             Type                      Level
   a - Corona                         Hexes                        1
   b - Sure Blade                     Hexes/Charms                 2
   c - Ensorcelled Hibernation        Hexes/Ice                    2
   d - Confuse                        Hexes                        3
   e - Dazzling Spray                 Conjuration/Hexes            3
   f - Enslavement                    Hexes                        4
Comestibles
 b - a meat ration
 f - 8 fruits
 h - 2 bread rations
 j - a beef jerky


   Skills:
 + Level 1.6 Fighting
 + Level 1.3 Short Blades
 + Level 1.4 Armour
 - Level 1.5 Dodging
 - Level 2.4 Stealth
 * Level 2.1 Spellcasting
 + Level 3.2 Hexes


You had one spell level left.
You knew the following spells:

 Your Spells              Type           Power        Failure   Level  Hunger
a - Corona                Hex            ##.....      10%         1    #......
b - Ensorcelled Hibernat  Hex/Ice        #.....       21%         2    ###....
c - Sure Blade            Hex/Chrm       #.........   21%         2    ###....


Dungeon Overview and Level Annotations

Branches:
Dungeon (2/15)

Altars:

Annotations:
D:2 Sigmund


Message History

Unknown command.
Unknown command.
Unknown command.
MOVING TO (0,-1)
You feel sick. Something hits you.
Things that are here:
a short sword; a kobold corpse {inedible} Unknown command.
Unknown command.
Unknown command.
ATTACKING (0,1)
You hit the hobgoblin.
You kill the hobgoblin!
Unknown command.
Unknown command.
Unknown command.
Unknown command.
ATTACKING (0,1)
You swing at nothing.
You feel sick. Something hits you.
You die...

......... .<.... .......
....#.#. # #.....##
#.#.#.#. #. #......#
#.#.#.#.
#..#......####+#.#.#.#.
#.........#......#.#.#.
#......#......#...'.
#.#{#.........#.#.#.
#o#.#.......#.#.#.
#)#.#.......###.#.
.....w...#.##..........#.
..g.#####.##......##..##
.. #.###.###.##..##
#.#.............
#...........#...
###.##.##%#.#.##
#.#.....#.#.<#


There were no monsters in sight!

Table legend:
 A = Turns spent in this place as a percentage of turns spent in the entire game.
 B = Non-inter-level travel turns spent in this place as a percentage of non-inter-level travel turns spent in the entire game.
 C = Inter-level travel turns spent in this place as a percentage of turns spent in this place.
 D = Turns resting spent in this place as a percentage of non-inter-level travel turns spent in this place.
 E = Turns spent auto-exploring this place as a percentage of non-inter-level travel turns spent in this place.
 F = Non-inter-level travel turns spent in this place divided by the number of levels of this place that you've seen.
                   A       B       C       D       E      F
               +-------+-------+-------+-------+-------+----------------------
         Total | 100.0 | 100.0 |   0.2 |   2.9 |   2.0 | 1425.5
       Dungeon | 100.0 | 100.0 |   0.2 |   2.9 |   2.0 | 1425.5
               +-------+-------+-------+-------+-------+----------------------

Table legend:
 A = Kills in this place as a percentage of kills in entire the game.
 B = Kills by you in this place as a percentage of kills by you in the entire game.
 C = Kills by friends in this place as a percentage of kills by friends in the entire game.
 D = Other kills in this place as a percentage of other kills in the entire game.
 E = Experience gained in this place as a percentage of experience gained in the entire game.
 F = Experience gained in this place divided by the number of levels of this place that you have seen.
                   A       B       C       D       E      F
               +-------+-------+-------+-------+-------+----------------------
         Total | 100.0 | 100.0 |  -nan |  -nan | 100.0 |  36.0
       Dungeon | 100.0 | 100.0 |  -nan |  -nan | 100.0 |  36.0
               +-------+-------+-------+-------+-------+----------------------

Vanquished Creatures
  2 adders
  A worm (D:2)
  3 bats (D:1)
  2 giant cockroaches
  3 hobgoblins
  5 kobolds
  A giant newt (D:1)
  3 goblins
  8 rats
28 creatures vanquished.

Notes
Turn   | Place    | Note
--------------------------------------------------------------
     0 | D:1      | gw, the Hill Orc Enchanter, began the quest for the Orb.
     0 | D:1      | Reached XP level 1. HP: 14/14 MP: 2/2
   490 | D:1      | Reached XP level 2. HP: 22/22 MP: 1/3
   601 | D:1      | Learned a level 2 spell: Ensorcelled Hibernation
   923 | D:1      | Reached skill level 1 in Fighting
  1161 | D:1      | Reached XP level 3. HP: 14/28 MP: 0/6
  1391 | D:1      | Learned a level 2 spell: Sure Blade
  2206 | D:2      | Reached skill level 1 in Armour
  2736 | D:2      | Noticed Sigmund
  2743 | D:2      | HP: 1/28 [poisoned by Sigmund]
  2743 | D:2      | Slain by Sigmund

Action                   || total
-------------------------++-------
Melee: Dagger            ||   106
Throw: Stone             ||    25
 Cast: Corona            ||    22
       Ensorcelled Hiber ||    18
       Sure Blade        ||     5
  Use: Scroll            ||     4
       Potion            ||     3
 Stab: Sleeping          ||     7
  Eat: Chunk             ||     4
       Meat ration       ||     1

Vault maps used:
D:1:      dpeg_arrival_rhombus
D:2:      kennysheep_generic_room_3, uniq_sigmund
